 Dungeon Crawl Stone Soup version 0.21-a0-630-g344d351 (webtiles) character file.

13 Amnesiac the Grave Robber (level 2, -2/22 HPs)
             Began as a Mummy Necromancer on Dec 26, 2017.
             Slain by a goblin
             ... wielding a +1 dagger of holy wrath
              (3 damage)
             ... on level 1 of the Dungeon.
             The game lasted 00:00:27 (242 turns).

Amnesiac the Grave Robber (Mummy Necromancer)        Turns: 242, Time: 00:00:27

Health: -2/22      AC:  2    Str: 11    XL:     2   Next: 24%
Magic:  2/5        EV: 12    Int: 14    God:
Gold:   0          SH:  0    Dex: 12    Spells: 5/6 levels left

rFire    x . .     SeeInvis .   d - +1 whip (flame)
rCold    + . .     Gourm    .   (no shield)
rNeg     + + +     Faith    .   a - +0 robe
rPois    ∞         Spirit   .   (no helmet)
rElec    .         Reflect  .   (no cloak)
rCorr    .         Harm     .   (no gloves)
MR       .....                  (no boots)
Stlth    ++........             (no amulet)
HPRegen  0.07/turn              (no ring)
MPRegen  0.09/turn              (no ring)

@: no status effects
A: no food or potions, fire vulnerability, cold resistance 1, negative energy
resistance 3, torment resistance, unbreathing
a: no special abilities


You were on level 1 of the Dungeon.
You were not hungry.

You visited 1 branch of the dungeon, and saw 1 of its levels.

Inventory:

Hand Weapons
 d - a +1 whip of flaming (weapon)
Missiles
 e - 22 stones (quivered)
Armour
 a - a +0 robe (worn)
Scrolls
 c - a scroll of remove curse {!r, unknown}
 f - 3 scrolls of identify {!r, unknown}
Books
 b - a book of Necromancy

   Spells                             Type                      Level
   a - Pain                           Necromancy                   1
   b - Animate Skeleton               Necromancy                   1
   c - Vampiric Draining              Necromancy                   3
   d - Regeneration                   Charms/Necromancy            3
   e - Animate Dead                   Necromancy                   4
   f - Borgnjor's Vile Clutch         Necromancy/Earth             5


   Skills:
 + Level 2.0 Fighting
 - Level 1.5 Dodging
 - Level 1.5 Stealth
 - Level 2.6 Spellcasting
 - Level 4.0 Necromancy


You had 5 spell levels left.
You knew the following spells:

 Your Spells              Type           Power        Failure   Level  Hunger
a - Pain                  Necr           ##..         4%          1    N/A

Dungeon Overview and Level Annotations

Branches:
Dungeon (1/15)

Altars:


Innate Abilities, Weirdness & Mutations

You do not eat or drink.
Your flesh is vulnerable to fire.
You are immune to poison.
Your flesh is cold resistant. (rC+)
You are immune to negative energy. (rN+++)
You are immune to unholy pain and torment.
You can survive without breathing.


Message History

The bat writhes in agony!
The bat closely misses you.
Casting: Pain
Confirm with . or Enter, or press ? or * to list all spells.
Aiming: Pain
Press: ? - help, Shift-Dir - straight line, f/p - bat
Aim: a bat (severely wounded, chance to defeat MR: 83%)
The bat writhes in agony!
You kill the bat!
A dart slug comes into view.
A dart slug is nearby!
A dart slug is nearby!
Casting: Pain
Confirm with . or Enter, or press ? or * to list all spells.
Aiming: Pain
Press: ? - help, Shift-Dir - straight line, f - dart slug
Aim: a dart slug (clinging, resting, chance to defeat MR: 83%)
The dart slug writhes in agony!
Casting: Pain
Confirm with . or Enter, or press ? or * to list all spells.
Aiming: Pain
Press: ? - help, Shift-Dir - straight line, f/p - dart slug
Aim: a dart slug (moderately wounded, clinging, chance to defeat MR: 83%)
The dart slug writhes in agony!
The dart slug launches a dart at you. The slug dart hits you!
Casting: Pain
Confirm with . or Enter, or press ? or * to list all spells.
You don't have enough magic to cast that spell.
Casting: Pain
Confirm with . or Enter, or press ? or * to list all spells.
You don't have enough magic to cast that spell.
Casting: Pain
Confirm with . or Enter, or press ? or * to list all spells.
You don't have enough magic to cast that spell.
A goblin comes into view. It is wielding a dagger of holy wrath.
The dart slug bites you but does no damage.
You hit the dart slug. You burn the dart slug.
The dart slug is almost dead.
You hit the dart slug but do no damage.
The dart slug is almost dead.
The dart slug bites you.
You hit the dart slug. You burn the dart slug.
You kill the dart slug!
A kobold comes into view. It is wielding a whip.
The kobold shouts!
You see here a dart slug corpse.
Found 9 gold pieces.
The goblin shouts!
The kobold hits you with a whip.
You barely miss the kobold. The kobold misses you.
You closely miss the kobold. The kobold hits you with a whip.
* * * LOW HITPOINT WARNING * * *
You hit the kobold. You burn the kobold.
You kill the kobold!
Your Fighting skill increases to level 2!
You closely miss the goblin.
The goblin hits you with a dagger of holy wrath.
* * * LOW HITPOINT WARNING * * *
You convulse.
* * * LOW HITPOINT WARNING * * *
The goblin hits you with a dagger of holy wrath.
* * * LOW HITPOINT WARNING * * *
You convulse.
You die...

.......##......
#.......##.....
.......#$.....
........#....
#.....##....
.......#......##...
........#...g.......
........+...@.......
........#...........
........####...#.###
........# #†.......
........####........
....................
#
........##.........#
##
........##.........#
##.
........##.........#
#..


You could see a goblin.

Vanquished Creatures
  An ooze (D:1)
  A dart slug (D:1)
  A leopard gecko (D:1)
  A hobgoblin (D:1)
  2 bats (D:1)
  A kobold (D:1)
7 creatures vanquished.

Notes
Turn   | Place    | Note
-------+----------+-------------------------------------------
     0 | D:1      | Amnesiac the Mummy Necromancer began the quest for the Orb.
     0 | D:1      | Reached XP level 1. HP: 13/13 MP: 4/4
   111 | D:1      | Reached skill level 1 in Fighting
   168 | D:1      | Reached XP level 2. HP: 22/22 MP: 1/5
   242 | D:1      | HP: 1/22 [goblin/dagger of holy wrath (2)]
   242 | D:1      | Slain by a goblin

Vault maps used:
D:1:      dpeg_arrival_snail, serial_park_tiny_2, kennysheep_another_room,
          minmay_pentomino_r2

Skill      XL: |  1  2 |
---------------+-------+-----
Fighting       | 1 2 |  2.0
Dodging        | |  1.5
Stealth        | |  1.5
Spellcasting   | |  2.6
Necromancy     | |  4.0

Action                   || total
-------------------------++-------
Melee: Whip              ||    17
 Cast: Pain              ||    10
Armor: Robe              ||     3
Dodge: Dodged            ||    11

Table legend:
 A = Spawn XP
 B = Non-spawn XP
 C = Spawn XP percentage of total XP
 D = Spawn monster count
 E = Non-spawn monster count
 F = Spawn count percentage of total count
 G = Total turns spent on level
                    A         B        C        D         E        F      G
               +---------+---------+-------+---------+---------+-------+---------
         Total |       0 |      19 |   0.0 |       0 |       7 |   0.0 |   242
               +---------+---------+-------+---------+---------+-------+---------
           D:1 |       0 |      19 |   0.0 |       0 |       7 |   0.0 |   242
               +---------+---------+-------+---------+---------+-------+---------
